[Event "*** SCC Grand Prix: Titled Tuesday Blitz"]
[Site "Chess.com"]
[Date "2020.06.09"]
[Round "7"]
[White "Munkhzul_Turmunkh"]
[Black "witcher8"]
[Result "1-0"]
[WhiteElo "2592"]
[BlackElo "2409"]
[TimeControl "180+1"]
[EndTime "10:19:44 PDT"]
[Termination "Munkhzul_Turmunkh won on time"]

1. e4 c6 2. d4 d5 3. e5 Bf5 4.
Nf3 e6 5. Be2 Nd7 6. O-O h6 7.
Nbd2 Ne7 8. Nb3 g5 9. Ne1 Bg7 10. Nd3 O-O 11. f4 f6 12. exf6 Bxf6 13. fxg5 hxg5 14.
Be3 e5 15. dxe5 Nxe5 16. Nd4 Nxd3 17. Bxd3 Bxd3 18. Qxd3 Qd6 19. Rae1 Rae8 20. c3 c5 21. Nf3 g4 22. Ng5 Bxg5 23. Bxg5 Qg6 24. Rxf8+ Rxf8 25. Qd2 Nc6 26. Qxd5+ Qf7 27. Qxc5 Re8 28. Rxe8+ Qxe8 29.
Qc4+ Kg7 30. Bd2 Qg6 31. Kf2 Ne5 32. Qc7+ Nf7 33. Qxb7 Qd3 34. Be3 a5 35. Bd4+ Kg8 36. Qc8+ Kh7 37. Qxg4 Qc2+ 38. Qe2 Qf5+ 39. Qf3 Qc2+ 40.
Kg3 Nh6 41. Qb7+ Kg6 42. Qg7+ Kh5 43. Qe5+ Kg6 44. Qf6+ Kh5 45. Qe5+ Kg6 46. Qe8+ Kh7 47. Qe7+ Kg6 48. Qe6+ Kh5 49. Qd5+ Kg6 50. Qc6+ Kh5 51. Qf3+ Kg6 52. h4 1-0

[Event "*** SCC Grand Prix: Titled Tuesday Blitz"]
[Site "Chess.com"]
[Date "2020.06.09"]
[Round "7"]
[White "Nara_Kh"]
[Black "NM2019"]
[Result "1-0"]
[WhiteElo "2268"]
[BlackElo "2015"]
[TimeControl "180+1"]
[EndTime "10:19:44 PDT"]
[Termination "Nara_Kh won by resignation"]

1. e4 c5 2. Nf3 d6 3. Bb5+ Nd7 4.
O-O a6 5. Bd3 Ngf6 6. Re1 e5 7. c3 b5 8. Bc2 Be7 9. d4 Bb7 10. h3 O-O 11. Nbd2 Rc8 12. d5 Ne8 13. a4 g6 14. Nf1 Ng7 15. c4 bxc4 16. Ne3 f5 17. Nxc4 f4 18. a5 g5 19. Nh2 Qe8 20. Ba4 Rc7 21. Nb6 Bc8 22. f3 Qd8 23.
Nxc8 Rxc8 24. Bd2 h5 25. Rc1 Nf6 26. b4 cxb4 27. Bxb4 Rxc1 28. Qxc1 g4 29. hxg4 hxg4 30. fxg4 Qc8 31. Qxc8 Rxc8 32. Bc6 Rb8 33. Bd2 Rb2 34.
Bc3 Rb3 35. Bd2 Rd3 36. Bc1 Rd4 37. Nf3 Rxe4 38. Rxe4 Nxe4 39. Bb7 Nc5 40. Bc8 Bd8 41. Ba3 Bxa5 42. Bxc5 dxc5 43. Nxe5 Bb6 44. Nc4 Ba7 45. d6 Kf7 46. Bxa6 Ke6 47. Bc8+ Kf7 48. d7 Ke7 49. Kf2 Ne6 50. Kf3 Bb8 51. Na5 Ng5+ 52. Ke2 Bc7 53.
Nc6+ Kd6 54. d8=Q+ Bxd8 55. Nxd8 Kc7 56. Ne6+ Nxe6 57. Bxe6 Kd6 58. Bc4 1-0

[Event "*** SCC Grand Prix: Titled Tuesday Blitz"]
[Site "Chess.com"]
[Date "2020.06.09"]
[Round "7"]
[White "Dmitry_Konenkin"]
[Black "Moon_stone123"]
[Result "0-1"]
[WhiteElo "2378"]
[BlackElo "2470"]
[TimeControl "180+1"]
[EndTime "10:19:45 PDT"]
[Termination "Moon_stone123 won by checkmate"]

1. d4 Nf6 2. Bg5 c5 3. Nc3 cxd4 4. Qxd4 Nc6 5. Qh4 e6 6. O-O-O Be7 7. e4 h6 8. f4 O-O 9. Nf3 Qa5 10. e5 hxg5 11.
Nxg5 Nxe5 12. fxe5 Qxe5 13. Bd3 Nh5 14. Nce4 Qf4+ 15. Qxf4 Nxf4 16. Rdf1 Nxd3+ 17. cxd3 d5 18. Nf3 dxe4 19. dxe4 Bd7 20. Kb1 Bc6 21. Re1 Rfd8 22. Ne5 Bf6 23. Ng4 Be7 24. Rhf1 Rd4 25. Ne5 Rxe4 26. Kc2 Rxe1 27. Rxe1 Rc8 28. Kd3 Bb5+ 29. Ke4 Bf6 30. Ng4 Rc4+ 31. Kf3 Bc6+ 32. Kg3 Rc2 33. Rd1 Rxg2+ 34. Kh3 Kh7 35. Rc1 Rxb2 36. Rc5 Rxa2 37.
Rh5+ Kg8 38. Rc5 Ra3+ 39. Ne3 Rxe3+ 40. Kg4 Rd3 41. Rc1 Rd4+ 42. Kg3 Be5+ 43. Kh3 Rd3+ 44. Kg4 Bxh2 45. Rc4 Be5 46. Rb4 Rd4+ 47. Rxd4 Bxd4 48. Kf4 Bb6 49. Ke5 f6+ 50. Kd6 e5 51. Ke6 e4 52.
Kd6 e3 53. Ke6 e2 54. Kd6 Bd7 55. Kxd7 e1=Q 56. Kc8 Qe8+ 57. Kxb7 g5 58. Ka6 g4 59. Kb7 g3 60. Ka6 g2 61. Kb7 g1=Q 62. Ka6 Ba5 63. Kb7 Qb6# 0-1

[Event "*** SCC Grand Prix: Titled Tuesday Blitz"]
[Site "Chess.com"]
[Date "2020.06.09"]
[Round "7"]
[White "GregShahade"]
[Black "Mikasinski"]
[Result "0-1"]
[WhiteElo "2546"]
[BlackElo "2426"]
[TimeControl "180+1"]
[EndTime "10:19:46 PDT"]
[Termination "Mikasinski won by resignation"]

1. e4 c5 2. Nf3 d6 3. d4 cxd4 4. Nxd4 Nf6 5. Nc3 g6 6. Be3 Bg7 7. f3 O-O 8. Qd2 Nc6 9. O-O-O Bd7 10. g4 Rc8 11. Be2 Ne5 12. h4 Qa5 13. Kb1 b5 14. g5 b4 15. Ncb5 Nh5 16. Nb3 Qa4 17. N5d4 Ng3 18. Rhg1 Nxe2 19. Qxe2 Nc4 20. Bc1 e5 21. Nf5 gxf5 22. h5 f4 23. Qd3 Be6 24. Rg2 Rfd8 25. Rdg1 d5 26. exd5 Rxd5 27. Qe4 Nd6 28. Qe1 Ra5 29.
a3 Bxb3 30. cxb3 Qxb3 31. Qxb4 Qxb4 32. axb4 Rb5 33. Bd2 Nc4 34. Bc3 Ne3 35. Rd2 Nd5 36.
Rc1 f6 37. h6 Bh8 38. Rcd1 Nxc3+ 39. bxc3 fxg5 40. Rd8+ Rxd8 41. Rxd8+ Kf7 42. Rxh8 Kg6 43. Ra8 Kxh6 44. Rxa7 e4 45. fxe4 g4 46. Rf7 f3 47.
Kc2 Rg5 48. Kd3 g3 49. Rxf3 g2 50. Rf6+ Kg7 51. Ra6 g1=Q 52. b5 Qf1+ 53. Kd4 Qxb5 54. Ra7+ Kg6 55. Rc7 Qb6+ 56. Kd3 Qxc7 0-1

[Event "*** SCC Grand Prix: Titled Tuesday Blitz"]
[Site "Chess.com"]
[Date "2020.06.09"]
[Round "7"]
[White "2008king"]
[Black "woodhy"]
[Result "0-1"]
[WhiteElo "2194"]
[BlackElo "2464"]
[TimeControl "180+1"]
[EndTime "10:19:46 PDT"]
[Termination "woodhy won by checkmate"]

1. e4 e6 2. d4 d5 3. Nc3 Bb4 4. exd5 exd5 5. Bd3 Ne7 6. a3 Bd6 7. Nge2 O-O 8. O-O Bf5 9. Bg5 Bxd3 10. Qxd3 h6 11.
Bf4 c6 12. Rfe1 Ng6 13. Bg3 Qf6 14. Rad1 Nd7 15. Bxd6 Qxd6 16. Qg3 Qf6 17. Nc1 Nb6 18. b3 Rfe8 19. h3 Rxe1+ 20. Rxe1 Qxd4 21. Qe3 Qxe3 22. fxe3 Re8 23. Nd3 Ne5 24. e4 Nxd3 25. cxd3 dxe4 26.
dxe4 Nd7 27. Kf2 Nc5 28. Re3 Nxb3 29. Na4 Nd2 30. Nc3 Nc4 31. Rd3 Ne5 32. Rd1 Kf8 33.
Na4 b6 34. Nc3 Ke7 35. Ke3 Rd8 36. Rxd8 Kxd8 37. Kd4 f6 38. Ne2 Kd7 39. Nf4 g5 40. Nh5 Ke7 41. Ng3 Nf7 42. Nf5+ Ke6 43. Ng7+ Kd7 44.
g4 a5 45. Nf5 Ke6 46. Ng7+ Kd6 47. Nf5+ Kd7 48. Ng7 Nd6 49. Nh5 Ke6 50. Ng7+ Kf7 51.
Nh5 Nb5+ 52. Ke3 Nxa3 53. e5 Nc4+ 54. Kd4 Nxe5 55. Ng3 Ke6 56. Nf5 c5+ 57. Kc3 b5 58. Ng7+ Kd5 59. Nf5 a4 60. Nxh6 b4+ 61. Kb2 a3+ 62. Kb1 b3 63. Nf5 c4 64. Ne3+ Kd4 65. Nd1 c3 66. Nxc3 Kxc3 67. h4 b2 68. h5 Kb3 69. h6 a2# 0-1

[Event "*** SCC Grand Prix: Titled Tuesday Blitz"]
[Site "Chess.com"]
[Date "2020.06.09"]
[Round "7"]
[White "Fusikk"]
[Black "RobertoJBM"]
[Result "1-0"]
[WhiteElo "2592"]
[BlackElo "2717"]
[TimeControl "180+1"]
[EndTime "10:19:48 PDT"]
[Termination "Fusikk won by resignation"]

1. d4 d5 2. c4 c6 3. Nf3 Nf6 4. Nc3 e6 5. e3 Nbd7 6. Qc2 Bd6 7. Bd3 O-O 8. O-O b6 9. e4 dxe4 10. Nxe4 Be7 11. Nc3 Bb7 12. Rd1 Qc7 13. Bg5 Rfe8 14. Bh4 a6 15. Bg3 Bd6 16. Bxd6 Qxd6 17.
Ne4 Nxe4 18. Bxe4 h6 19. c5 Qc7 20. b4 a5 21. a3 axb4 22. axb4 Red8 23. h3 Rxa1 24.
Rxa1 Ra8 25. Rxa8+ Bxa8 26. Qa4 Bb7 27. Qa7 bxc5 28.
dxc5 Qb8 29. Qxb8+ Nxb8 30. Ne5 Kf8 31. b5 Ke7 32. bxc6 Bc8 33. f4 f6 34. Nc4 Na6 35.
Nd6 Kd8 36. Kf2 Nxc5 37. Ke3 Ba6 38. Bf3 Ke7 39. Nb7 Na4 40. Kd4 Nb6 41. Kc5 Nc8 42.
g4 g5 43. fxg5 hxg5 44. Na5 Kd8 45. Nb3 e5 46. Nd2 Bd3 47. Ne4 Bxe4 48. Bxe4 Kc7 49. Kd5 Nd6 50. Bg2 Nb5 51. Ke6 Nc3 52. Kxf6 e4 53.
Kf5 e3 54. Bf1 e2 55. Bxe2 Nxe2 56. Kxg5 Kxc6 57. h4 Kd7 58. Kg6 Ke8 59. Kg7 Nf4 60.
h5 Ne6+ 61. Kf6 Nf8 62. h6 Nh7+ 63. Kg7 Ng5 64. Kg6 Ne6 65. h7 Nf8+ 66. Kg7 1-0

[Event "*** SCC Grand Prix: Titled Tuesday Blitz"]
[Site "Chess.com"]
[Date "2020.06.09"]
[Round "7"]
[White "abhidabhi"]
[Black "Borsuk_Konstantin"]
[Result "1/2-1/2"]
[WhiteElo "2722"]
[BlackElo "2572"]
[TimeControl "180+1"]
[EndTime "10:19:48 PDT"]
[Termination "Game drawn by repetition"]

1. c4 e5 2. g3 Nc6 3. Bg2 Nf6 4.
Nc3 Bb4 5. Nd5 Nxd5 6. cxd5 Ne7 7. Nf3 e4 8. Nd4 f5 9. O-O Bc5 10. Nb3 Bb6 11. d3 exd3 12. Qxd3 d6 13. Nd4 O-O 14. b3 Qe8 15. Bb2 f4 16. Ne6 Bxe6 17. dxe6 Rb8 18. Be4 Qh5 19. Bf3 Qg6 20. Qxg6 Nxg6 21. Rad1 fxg3 22.
hxg3 Rfe8 23. Kg2 Nf8 24. Bg4 Nxe6 25. f4 Nc5 26. f5 Ne4 27. Bf3 Nf6 28. g4 h6 29. Rh1 Kf7 30. Rh3 Be3 31. Rd3 Bf4 32. Rh1 Be5 33. Bc1 c6 34. e4 a6 35. Rhd1 Re7 36. Ba3 Rd7 37. Bxd6 Rbd8 38. Bxe5 Rxd3 39. Rxd3 Rxd3 40. Bf4 Rd4 41. Be3 Rxe4 42. Bxe4 Nxe4 43. Bd4 g6 44. Kf3 gxf5 45. gxf5 Nd6 46. Kf4 Nb5 47. Be5 Na3 48. Kg4 Nc2 49. Kh5 Ne3 50. f6 c5 51. Bb2 b5 52. Kxh6 c4 53. bxc4 bxc4 54. Kg5 Nd5 55. Kf5 c3 56. Bc1 Nb4 57. a4 Na2 58.
Be3 c2 59. Ke5 c1=Q 60. Bxc1 Nxc1 61. Kd6 a5 62. Kc5 Kxf6 63. Kb5 Nb3 64. Kc4 Nc1 65.
Kb5 Nb3 66. Kc4 Nd2+ 67. Kb5 Nb3 1/2-1/2

[Event "*** SCC Grand Prix: Titled Tuesday Blitz"]
[Site "Chess.com"]
[Date "2020.06.09"]
[Round "7"]
[White "Rish_97"]
[Black "RaphCamora"]
[Result "1-0"]
[WhiteElo "2698"]
[BlackElo "2482"]
[TimeControl "180+1"]
[EndTime "10:19:48 PDT"]
[Termination "Rish_97 won by resignation"]

1. e4 c5 2. Nf3 Nc6 3. Nc3 e5 4. Bc4 g6 5. d3 h6 6. h4 Bg7 7. Nd5 Nge7 8. h5 g5 9. Nxg5 hxg5 10.
Bxg5 d6 11. h6 Qa5+ 12. Bd2 Qxd2+ 13. Qxd2 Nxd5 14. exd5 Ne7 15. Bb5+ Bd7 16. Bxd7+ Kxd7 17. Qg5 Rag8 18. Qd2 Bf6 19. g3 Nxd5 20. Qe2 Ne7 21. Qf3 Ke6 22. O-O-O d5 23. Kb1 Nf5 24. c4 Ne7 25.
cxd5+ Nxd5 26. Rc1 b6 27. h7 Rg7 28. Rh5 Ne7 29.
Rh6 Rg6 30. Rxg6 fxg6 31. Rh1 Kf7 32. Qg4 Kg7 33. Qc4 Nf5 34. Qe6 Ne7 35. Qd7 Kf7 36. a3 a5 37. Qb7 a4 38. Qxb6 Rc8 39. Qb7 Bh8 40. Qe4 Rb8 41. Qc4+ Kg7 42. Qxa4 e4 43.
Qxe4 Kf7 44. Qf3+ Ke8 45. Re1 Rxb2+ 46. Kc1 Ra2 47. Qa8+ Kf7 48. Qxh8 Rxf2 49. Rxe7+ Kxe7 50. Qg7+ Kd6 51. h8=Q Rf1+ 52. Kc2 Rf2+ 53. Kc3 Rf3 54. Qf6+ Kd5 55. Qxf3+ Kd6 56. Qhf6+ Kc7 57. Q3c6+ 1-0

[Event "*** SCC Grand Prix: Titled Tuesday Blitz"]
[Site "Chess.com"]
[Date "2020.06.09"]
[Round "7"]
[White "Pavel_Mir"]
[Black "PotapovaM"]
[Result "0-1"]
[WhiteElo "2299"]
[BlackElo "2443"]
[TimeControl "180+1"]
[EndTime "10:19:48 PDT"]
[Termination "PotapovaM won by resignation"]

1. e4 c5 2. Nf3 d6 3. d4 cxd4 4. Nxd4 Nf6 5. Nc3 a6 6. f4 e5 7. Nf3 Nbd7 8. Bc4 Be7 9. a4 O-O 10. O-O Nc5 11. fxe5 Nfxe4 12. Nxe4 Nxe4 13. Qd5 Qb6+ 14.
Nd4 Be6 15. Qxe4 Bxc4 16. a5 Qc5 17. exd6 Bxd6 18. Rf5 Qc7 19. Bf4 Rfe8 20. Qf3 g6 21. Rf6 Bxf4 22. Qxf4 Qxf4 23. Rxf4 Bd5 24. Rd1 Rad8 25. Rf2 f5 26. Rfd2 Be4 27. Kf2 Rd5 28.
Nb3 Rb5 29. Re1 Rc8 30. Ree2 Kf7 31. h3 h5 32. g4 hxg4 33. hxg4 Kf6 34. Kg3 Rh8 35. Nd4 Rxa5 36. b4 Ra1 37. c4 Rhh1 38. gxf5 gxf5 39. Kf4 Raf1+ 40. Rf2 Rh2 41. Rxf1 Rxd2 42.
Ke3 Rd3+ 43. Ke2 Rxd4 44. Rc1 Rd7 45. Ke3 Ke5 46. c5 f4+ 47. Ke2 f3+ 48. Ke3 Rd3+ 49. Kf2 Kf4 50. Rc2 Rd4 51. Rb2 Rc4 52. b5 Rc2+ 53.
Rxc2 Bxc2 54. c6 Be4 55. bxa6 bxa6 56. c7 Bb7 57. Kf1 Bc8 58. Kg1 a5 59. Kf2 a4 60.
Ke1 a3 61. Kd2 a2 62. Kc2 a1=Q 0-1

[Event "*** SCC Grand Prix: Titled Tuesday Blitz"]
[Site "Chess.com"]
[Date "2020.06.09"]
[Round "7"]
[White "DishonorOnYourCow"]
[Black "rynos0411"]
[Result "1/2-1/2"]
[WhiteElo "2284"]
[BlackElo "2393"]
[TimeControl "180+1"]
[EndTime "10:19:48 PDT"]
[Termination "Game drawn by repetition"]

1. d4 d5 2. c4 c6 3. Nf3 Nf6 4.
e3 e6 5. b3 Bd6 6. Bb2 O-O 7.
Bd3 Nbd7 8. O-O Qc7 9. Nbd2 e5 10. dxe5 Nxe5 11. Nxe5 Bxe5 12. Bxe5 Qxe5 13. Nf3 Qh5 14.
cxd5 Nxd5 15. Be2 Nc3 16. Qd2 Nxe2+ 17. Qxe2 Bg4 18. h3 Bxf3 19. Qxf3 Qxf3 20. gxf3 Rfd8 21. Rfd1 Kf8 22. Kf1 Ke7 23. Ke2 Ke6 24. e4 g5 25.
Ke3 Ke5 26. h4 h6 27. hxg5 hxg5 28. Rh1 Rd7 29. Rh5 Kf6 30. Rg1 Rg8 31. Ke2 Re7 32. Rh6+ Rg6 33. Rh8 Ke6 34. Rd8 f5 35. Rgd1 g4 36.
fxg4 Rxg4 37. exf5+ Kxf5+ 38. Kf1 Rh4 39. Rf8+ Kg6 40.
Rd6+ Kg7 41. Rf3 Rg4 42. Rfd3 Kf7 43. f3 Rh4 44. Rd7 Rh1+ 45. Kf2 Rh2+ 46. Kg3 Rxa2 47. Rxe7+ Kxe7 48. f4 b5 49. f5 a5 50. Kf4 a4 51. bxa4 bxa4 52. Rc3 Rf2+ 53. Kg5 Kd6 54. Kf6 c5 55. Ra3 Rf4 56. Kg5 Rb4 57. f6 Ke6 58. Re3+ Kf7 59. Re7+ Kf8 60. Ra7 Re4 61. Kg6 Rg4+ 62. Kf5 Rd4 63. Rc7 c4 64. Ke6 Re4+ 65. Kd5 Rf4 66. Ke6 Re4+ 67. Kf5 Rd4 68. Kg6 Rg4+ 69. Kf5 Rd4 1/2-1/2

[Event "*** SCC Grand Prix: Titled Tuesday Blitz"]
[Site "Chess.com"]
[Date "2020.06.09"]
[Round "7"]
[White "GMCarbone"]
[Black "goldenpuppy"]
[Result "0-1"]
[WhiteElo "2361"]
[BlackElo "2230"]
[TimeControl "180+1"]
[EndTime "10:19:48 PDT"]
[Termination "goldenpuppy won on time"]

1. d4 Nf6 2. c4 e6 3. g3 c5 4. Nf3 cxd4 5. Nxd4 d5 6. Bg2 e5 7.
Nf3 d4 8. O-O Nc6 9. e3 Be7 10.
exd4 exd4 11. Bf4 Be6 12. Ne5 O-O 13. Nxc6 bxc6 14. b3 Rc8 15. Nd2 Qb6 16. Ne4 Nxe4 17. Bxe4 Bf6 18. Qd3 g6 19. Rfe1 Bg7 20. Bd6 Rfd8 21.
c5 Qb4 22. h4 Re8 23. h5 Bf5 24. hxg6 hxg6 25. a3 Bxe4 26. Rxe4 Qc3 27. Rxe8+ Rxe8 28. Rd1 Re1+ 29. Kg2 Rxd1 30. Qxd1 d3 31. Bf4 Qd4 32. Be3 Qd5+ 33. Qf3 Qd7 34. b4 d2 35. Qd1 Bc3 36.
Kf1 Qd3+ 37. Kg2 Kg7 38. Kf3 a5 39. bxa5 Bxa5 40. Kg2 Bc3 41. Kf3 f5 42. a4 Kf6 43.
Kg2 g5 44. Kg1 Qd5 45. Kh2 Kg6 46. Kg1 Qe4 47. Kh2 Qd3 48. Kg1 Bb4 49. Kh2 Bc3 50. Kg1 Qd5 51. Kh2 Qd7 52. Kg1 f4 53. gxf4 gxf4 54.
Bxf4 Qf5 55. Be3 Qd3 56. Kg2 Kf5 57. Qh5+ Ke6 58. Qd1 Kd5 59. Kg1 Kc4 0-1

[Event "*** SCC Grand Prix: Titled Tuesday Blitz"]
[Site "Chess.com"]
[Date "2020.06.09"]
[Round "7"]
[White "bascheyaro"]
[Black "GjakanTati"]
[Result "1/2-1/2"]
[WhiteElo "2742"]
[BlackElo "2599"]
[TimeControl "180+1"]
[EndTime "10:19:51 PDT"]
[Termination "Game drawn by repetition"]

1. d4 d5 2. c4 e6 3. Nf3 Nf6 4.
Bg5 Be7 5. e3 h6 6. Bh4 O-O 7.
Nc3 b6 8. Qc2 Bb7 9. Rd1 Ne4 10.
Bxe7 Qxe7 11. cxd5 exd5 12. Bd3 Nd7 13. O-O a6 14.
Nd2 f5 15. Be2 Ndf6 16. Nf3 Nd7 17. Rc1 f4 18. Qb3 Nxc3 19. Rxc3 Rac8 20. Rfc1 Qd6 21. e4 c5 22. exd5 Bxd5 23. Bc4 Bxc4 24. Rxc4 Kh8 25. dxc5 Nxc5 26. Qc2 Rcd8 27. h3 Qf6 28. b3 Nd3 29.
Rd1 Ne5 30. Nxe5 Rxd1+ 31. Qxd1 Qxe5 32. f3 Qe3+ 33. Kh2 Qf2 34. Re4 Qg3+ 35. Kh1 Rc8 36. Qd2 Rf8 37. Qd6 Rf6 38. Qd3 Rg6 39. Re8+ Kh7 40.
Qc2 a5 41. Re6 b5 42. a3 b4 43. axb4 axb4 44. Kg1 h5 45. Kf1 Kh6 46. Rxg6+ Qxg6 47. Qxg6+ Kxg6 48. Ke2 Kg5 49. Ke1 Kh4 50. Kf2 g6 51.
Kf1 Kg3 52. Kg1 g5 53. Kf1 g4 54. fxg4 hxg4 55. hxg4 Kxg4 56. Kf2 Kg5 57. Ke2 Kg4 58. Kf2 Kg5 59. Ke2 Kg4 60. Kf2 1/2-1/2

[Event "*** SCC Grand Prix: Titled Tuesday Blitz"]
[Site "Chess.com"]
[Date "2020.06.09"]
[Round "7"]
[White "maciejos95"]
[Black "Gerodot71"]
[Result "0-1"]
[WhiteElo "2476"]
[BlackElo "2405"]
[TimeControl "180+1"]
[EndTime "10:19:51 PDT"]
[Termination "Gerodot71 won by resignation"]

1. e4 e5 2. Nf3 Nc6 3. d4 exd4 4.
Nxd4 Bc5 5. Be3 Qf6 6. Nb5 Bxe3 7.
fxe3 Qh4+ 8. g3 Qxe4 9. Nxc7+ Kd8 10. Nxa8 Nf6 11. Qd6 Qxh1 12. Nd2 Qxh2 13. O-O-O Qh6 14.
Nc4 Re8 15. Qc7+ Ke7 16. Nd6 Qxe3+ 17. Kb1 Kf8 18. Nxe8 Qxe8 19. Qd6+ Kg8 20. Nc7 Qe3 21. Bc4 Ne4 22. Qd5 Ne5 23. Bb3 d6 24. a3 h5 25.
Ka2 Bg4 26. Rf1 Nxg3 27. Rxf7 Nxf7 28. Qxf7+ Kh7 29. Ne8 Qe5 30. c3 Bf5 31. Qg8+ Kh6 32. Qh8+ Kg6 33. Qf8 Be6 34. Bxe6 Qxe6+ 35. Ka1 Nf5 36.
Nc7 Qc4 37. Qe8+ Kg5 38. Ne6+ Kh4 39. Qg6 Qg4 40. Qf7 Qd1+ 41. Ka2 Qd5+ 42. Ka1 g5 43. Qg6 g4 44. Qg5+ Kg3 45. Qf4+ Kg2 46. Nd4 Nxd4 47.
cxd4 Qf3 48. Qd2+ Kg3 49. Qg5 h4 50. Qg6 h3 51. Qxd6+ Kg2 52. Qb4 h2 53. Qd2+ Qf2 54.
Qg5 h1=Q+ 55. Ka2 Qh3 56. Qd5+ Qhf3 57. Qg5 Qxd4 58. Qg8 Qdd5+ 59. Qxd5 Qxd5+ 0-1

[Event "*** SCC Grand Prix: Titled Tuesday Blitz"]
[Site "Chess.com"]
[Date "2020.06.09"]
[Round "7"]
[White "m-garcett"]
[Black "Vandros57"]
[Result "1/2-1/2"]
[WhiteElo "2079"]
[BlackElo "2228"]
[TimeControl "180+1"]
[EndTime "10:19:52 PDT"]
[Termination "Game drawn by repetition"]

1. e4 c5 2. Nf3 e6 3. d4 cxd4 4.
Nxd4 Nf6 5. Bd3 Nc6 6. Nxc6 bxc6 7. Qe2 d5 8. e5 Nd7 9. O-O g6 10. c4 Bg7 11. f4 O-O 12. Nc3 Nc5 13. Bc2 a5 14. Kh1 Ba6 15. b3 dxc4 16. bxc4 Nd7 17.
Ne4 Qc7 18. Ba3 Rfd8 19. Rfd1 c5 20. Rab1 Rab8 21. Nd6 Rxb1 22. Rxb1 Rb8 23. Rxb8+ Qxb8 24. Qd3 Qa7 25. Ba4 Bf8 26. Nxf7 Nb6 27. Be8 Qe7 28. Nd6 Nxc4 29. Nxc4 Qxe8 30. Qc3 Qb5 31. Nd2 Qe2 32. h3 Bb7 33. Nf3 Bxf3 34. Qxf3 Qxf3 35. gxf3 Kf7 36.
Kg2 Ke8 37. Kf2 Kd7 38. Ke2 Kc6 39. Kd3 Kd5 40. Kc3 Be7 41. Bc1 a4 42. Be3 Bd8 43. Bf2 Ba5+ 44. Kc2 Kc4 45. Be3 Bb4 46. Bf2 Ba5 47.
Be3 Bd8 48. Bf2 Be7 49. Bg3 Bd8 50. h4 Kb4 51. Bf2 h5 52. Kb2 c4 53. a3+ Kb5 54.
Kc3 Ba5+ 55. Kc2 Kc6 56. Bd4 Kd5 57. Bf2 Bc7 58. Kc3 Bd8 59. Kb4 Be7+ 60. Kxa4 Bc5 61. Be1 Kd4 62. Bf2+ Kd5 63. Be1 Kd4 64. Bf2+ Kd5 1/2-1/2

[Event "*** SCC Grand Prix: Titled Tuesday Blitz"]
[Site "Chess.com"]
[Date "2020.06.09"]
[Round "7"]
[White "Flawless_Fighter"]
[Black "1stSecond"]
[Result "0-1"]
[WhiteElo "2608"]
[BlackElo "2789"]
[TimeControl "180+1"]
[EndTime "10:19:55 PDT"]
[Termination "1stSecond won on time"]

1. e4 c5 2. Nf3 e6 3. g3 Nc6 4. Bg2 Nf6 5. Qe2 e5 6. O-O g6 7. Nc3 Bg7 8. d3 h6 9. Nd2 Nd4 10.
Qd1 d6 11. h3 O-O 12. Nc4 Rb8 13. a4 Be6 14. Nd5 Bxd5 15. exd5 Nf5 16. c3 Qd7 17. Kh2 Rbe8 18. f4 e4 19. Qc2 exd3 20. Qxd3 h5 21. Bd2 Re7 22. a5 Rfe8 23. a6 b5 24. Na5 c4 25. Qf3 Re2 26. Rad1 Ng4+ 27. Kg1 R8e3 28.
Bxe3 Rxe3 29. hxg4 Rxf3 30. Rxf3 hxg4 31. Rf2 Nxg3 32.
Nc6 Qc7 33. Kh2 Nf5 34. Re2 Qb6 35. Rde1 Bf6 36. Be4 g3+ 37. Kg2 Ng7 38. Bf3 Qxa6 39. Kxg3 Nf5+ 40. Kg2 Qb6 41. Be4 Nh4+ 42. Kg3 a5 43.
Rh1 b4 44. Rxh4 Qg1+ 45. Bg2 Bxh4+ 46. Kxh4 Qd1 47. Re8+ Kg7 48. Kg3 bxc3 49. bxc3 Qd3+ 50. Bf3 Qxc3 51. Ne7 Qe1+ 52. Kg4 Qg1+ 53. Kh3 c3 54.
Rg8+ Kf6 55. Nc6 Qf1+ 56. Kg3 Qg1+ 57. Kh3 c2 0-1

[Event "*** SCC Grand Prix: Titled Tuesday Blitz"]
[Site "Chess.com"]
[Date "2020.06.09"]
[Round "7"]
[White "bait_or_mate"]
[Black "Zavgorodniy_Serg"]
[Result "1-0"]
[WhiteElo "2603"]
[BlackElo "2638"]
[TimeControl "180+1"]
[EndTime "10:19:55 PDT"]
[Termination "bait_or_mate won by resignation"]

1. d4 Nf6 2. c4 e6 3. Nf3 Bb4+ 4. Nbd2 b6 5. a3 Bxd2+ 6. Qxd2 Bb7 7. e3 d6 8. Be2 O-O 9. b4 Nbd7 10. Bb2 Ne4 11. Qc2 Qe7 12. O-O f5 13. d5 e5 14.
Nd2 Nxd2 15. Qxd2 f4 16. exf4 Rxf4 17. Bd3 Raf8 18. Rae1 Qf7 19. g3 Rf3 20. Be4 b5 21. Bxf3 Qxf3 22. Re3 Qf7 23. f4 bxc4 24. Rfe1 Nf6 25.
fxe5 Nxd5 26. e6 Qe7 27. Re4 Nf6 28. Rf4 Ba8 29. Bxf6 gxf6 30. Qd4 c5 31. Qxc4 Kh8 32.
bxc5 dxc5 33. Qb5 Rd8 34. Qf1 Qb7 35. Rfe4 Qe7 36. R4e3 Rd4 37. Qf5 Kg7 38. Rf1 Rd2 39.
Rf2 Rd1+ 40. Rf1 Rd2 41. Qg4+ Kh8 42. Rf2 Rd8 43. Qf4 Rf8 44. Rf1 Kg7 45. Rfe1 Rd8 46. Qg4+ Kh8 47. Rf1 Rd4 48. Qf5 Kg7 49. h4 c4 50. h5 a5 51. h6+ Kxh6 52. Qxf6+ Qxf6 53. Rxf6+ Kg5 54. Rf4 Rd1+ 55. Kf2 Rd2+ 56. Re2 Rd8 57. e7 Re8 58. Rf8 Bc6 59. Rxe8 Bxe8 60. Ke3 Kf6 61.
Kd4 1-0

[Event "*** SCC Grand Prix: Titled Tuesday Blitz"]
[Site "Chess.com"]
[Date "2020.06.09"]
[Round "7"]
[White "Ural_bogatyr"]
[Black "crazy_but_lazy"]
[Result "0-1"]
[WhiteElo "2291"]
[BlackElo "2416"]
[TimeControl "180+1"]
[EndTime "10:19:55 PDT"]
[Termination "crazy_but_lazy won on time"]

1. e4 e6 2. d4 d5 3. Bd3 dxe4 4. Bxe4 Nf6 5. Bf3 Bd6 6. Ne2 Nbd7 7. O-O O-O 8. c4 e5 9. Nbc3 Re8 10. g3 c6 11. Bg2 h6 12. b3 a5 13. a3 exd4 14.
Nxd4 Bc5 15. Bb2 Ne5 16. Nf3 Nd3 17. Qc2 Ng4 18. Rad1 Bf5 19. h3 Ngxf2 20. Rxf2 Bxf2+ 21. Qxf2 Nxf2 22. Rxd8 Raxd8 23. Kxf2 Bc2 24. b4 axb4 25. axb4 Bb3 26. c5 Bc4 27. g4 f6 28. h4 Kf7 29.
Kg3 Rd3 30. Kf4 g5+ 31. hxg5 hxg5+ 32. Kg3 Ree3 33. Kf2 Rxc3 34. Bxc3 Rxc3 35. Nd4 Bd5 36. Bxd5+ cxd5 37. Ke2 Rg3 38. b5 Rxg4 39. Kd3 Rg3+ 40. Kc2 Rh3 41. c6 bxc6 42. b6 Rh8 43. b7 Kg6 44.
Nxc6 g4 45. Ne7+ Kf7 46. Nc8 g3 47. b8=Q g2 48. Qc7+ Kf8 49. Qe7+ Kg8 50. Nd6 Rh7 51. Qe8+ Kg7 52. Qf7+ Kh6 53. Qxf6+ Kh5 54. Qf5+ Kh4 55. Qxh7+ Kg3 56. Nf5+ Kg4 0-1

[Event "*** SCC Grand Prix: Titled Tuesday Blitz"]
[Site "Chess.com"]
[Date "2020.06.09"]
[Round "7"]
[White "Angel_Hranitel_37"]
[Black "BursaBBSatranc"]
[Result "0-1"]
[WhiteElo "2382"]
[BlackElo "2521"]
[TimeControl "180+1"]
[EndTime "10:19:57 PDT"]
[Termination "BursaBBSatranc won by checkmate"]

1. d4 d5 2. c4 c6 3. cxd5 cxd5 4.
Bg5 h6 5. Bh4 Qb6 6. Nc3 e6 7. Qd2 Nc6 8. e3 Be7 9. Bxe7 Ngxe7 10.
Bd3 Bd7 11. Nge2 O-O 12. O-O Rac8 13. Rac1 Qa5 14. Bb1 a6 15. Nf4 Na7 16. Rfd1 b6 17.
Qd3 f5 18. h4 Nb5 19. Nxb5 Bxb5 20. Qa3 Qxa3 21. bxa3 Kf7 22. Nd3 Bxd3 23. Bxd3 b5 24. f4 Rxc1 25. Rxc1 Rc8 26. Rxc8 Nxc8 27. a4 Nd6 28.
axb5 axb5 29. Kf2 Ke7 30. Ke2 Kd7 31. Bc2 Kc6 32. Kd3 Kb6 33. Bd1 Ka5 34. g4 Kb4 35.
gxf5 exf5 36. Bh5 Ka3 37. Bg6 Kxa2 38. Bh7 Ne4 39. Bxf5 Nf6 40. Be6 b4 41. e4 b3 42.
exd5 b2 43. d6+ Ka3 44. d7 b1=Q+ 45. Ke3 Nxd7 46. Bxd7 Qe1+ 47. Kf3 Qxh4 48. Bf5 Qf6 49. Ke4 g6 50. Bg4 h5 51. Bf3 Qe6+ 52. Kd3 Qf5+ 53. Ke3 g5 54. fxg5 Qxg5+ 55. Ke4 h4 56. d5 Kb4 57. d6 Kc5 58. d7 Kd6 59. Bg4 Qxg4+ 60.
Ke3 Qxd7 61. Kf2 Qg4 62. Kf1 h3 63. Kf2 Qg2+ 64. Ke3 h2 65. Kf4 h1=Q 66. Ke3 Qh6+ 67. Kd4 Qd5+ 68. Kc3 Qhd2# 0-1

[Event "*** SCC Grand Prix: Titled Tuesday Blitz"]
[Site "Chess.com"]
[Date "2020.06.09"]
[Round "7"]
[White "Vuk2000"]
[Black "Funo09"]
[Result "1-0"]
[WhiteElo "2635"]
[BlackElo "2797"]
[TimeControl "180+1"]
[EndTime "10:19:59 PDT"]
[Termination "Vuk2000 won on time"]

1. e4 c5 2. Nc3 Nc6 3. g3 g6 4. Bg2 Bg7 5. d3 Rb8 6. Be3 d6 7. Qd2 b5 8. f4 b4 9. Nd1 e6 10. Ne2 Nge7 11. O-O a5 12. g4 f5 13. gxf5 exf5 14.
exf5 Bxf5 15. d4 O-O 16. dxc5 dxc5 17. Qxd8 Rfxd8 18. Bxc5 Bxc2 19. Ng3 Rb5 20. Bf2 a4 21. Rc1 b3 22. axb3 axb3 23. Be4 Nb4 24. Be1 Bxd1 25. Bxb4 Rxb4 26. Rfxd1 Rxd1+ 27. Rxd1 Bxb2 28. Kf2 Bd4+ 29. Ke2 b2 30. f5 g5 31. Bb1 Be5 32. Nh5 Ra4 33. Bc2 Ra3 34. Be4 Rh3 35. f6 Rxh2+ 36.
Kf3 Rxh5 37. fxe7 Kf7 38. Rd7 Bf6 39. Rb7 Bxe7 40. Rxb2 Rh3+ 41. Kg2 Re3 42. Bd5+ Kf6 43. Rf2+ Kg6 44. Bf7+ Kg7 45. Bh5 Bf6 46. Rd2 Re7 47. Rc2 Be5 48. Kh3 Bf4 49. Kg4 Be3 50. Rb2 Bf4 51.
Ra2 Rc7 52. Ra6 Rc4 53. Ra7+ Kf6 54. Ra6+ Bd6+ 55. Kf3 Ke7 56. Ra7+ Kf6 57. Rxh7 Rh4 58. Kg2 g4 59. Bg6 1-0